 Dungeon Crawl Stone Soup version 0.29.0-4-gdea44cf6ec (webtiles) character file.

Game seed: 7757817689251548317

659 qw the Chopper (level 7, 0/55 HPs)
             Began as a Barachi Chaos Knight on Sept 4, 2022.
             Was a Follower of Okawaru.
             Succumbed to a scorpion's poison
             ... on level 5 of the Dungeon.
             The game lasted 00:02:03 (5408 turns).

qw the Chopper (Barachi Chaos Knight)               Turns: 5408, Time: 00:02:04

Health: 0/55       AC: 22    Str: 14 (15) XL:     7   Next: 55%
Magic:  6/8        EV:  2    Int: 14      God:    Okawaru [*.....]
Gold:   213        SH:  0    Dex:  9      Spells: 6/6 levels left

rFire   + . .      SeeInvis +   Y - +0 war axe
rCold   . . .      Faith    .   (no shield)
rNeg    + . .      Spirit   .   b - +0 crystal plate armour "Joojeunt" {Contam rF+ Int+5}
rPois   .          Reflect  .   (no helmet)
rElec   .          Harm     .   (no cloak)
rCorr   .          Rampage  .   (no gloves)
Will    .....                   d - +0 pair of boots
Stlth   ..........              (no amulet)
HPRegen 0.18/turn               e - ring of positive energy
MPRegen 0.11/turn               (no ring)

@: lethally poisoned (0 -> -2), heroic, slow
A: amphibious, slowness 1, strong legs 1, +LOS, see invisible, clumsy 1,
deterioration 1, dopey 2, subdued magic 1
a: Hop, Renounce Religion, Heroism


You were on level 5 of the Dungeon.
You worshipped Okawaru.
Okawaru was aware of your devotion.
You visited 1 branch of the dungeon, and saw 5 of its levels.

You collected 233 gold pieces.
You spent 20 gold pieces at shops.


Innate Abilities, Weirdness & Mutations

You are amphibious.
You cover ground slowly.
You can hop short distances.
You have an extended range of vision and can be seen from far away.
You have supernaturally acute eyesight. (SInv)
You are clumsy. (Dex -2)
Your body sometimes deteriorates upon taking damage.
You are very dopey. (Int -4)
Your spells are a little easier to cast, but a little less powerful.


   Skills:
 - Level 4.6(9.6) Fighting
 - Level 7.0(12.0) Axes
 + Level 5.6(10.6) Armour
 - Level 1.1(6.1) Dodging
 + Level 2.2 Invocations


You had 6 spell levels left.
You didn't know any spells.
Your spell library was empty.

Inventory:

Hand Weapons
 m - a +0 flail
 Y - a +0 war axe (weapon)
Missiles
 h - a boomerang (quivered)
Armour
 b - the +0 crystal plate armour "Joojeunt" (worn) {Contam rF+ Int+5}
   (You acquired it on level 4 of the Dungeon)

   Int:       It affects your intelligence (+5).
   rF:        It protects you from fire.
   Contam:    It causes magical contamination when unequipped.
 d - a +0 pair of boots (worn)
Jewellery
 e - a ring of positive energy (left hand)
Scrolls
 a - a scroll of identify
 l - a scroll of teleportation
Potions
 f - a potion of lignification {unknown}
 g - a potion of ambrosia {unknown}
 j - a potion of resistance
 o - a potion of degeneration {unknown}
 q - a potion of curing {unknown}
Miscellaneous
 c - a piece from Xom's chessboard (15/15)

Dungeon Overview and Level Annotations

Branches:
Dungeon (5/15)             Temple (0/1) D:5

Altars:
Okawaru
Trog

Shops:
D:1 (   D:2 *

Annotations:
D:3 1 runed translucent door, qw's ghost, weakling OgEn


Message History

You closely miss the scorpion.
The scorpion is heavily wounded.
You feel sick.
The scorpion stings you but does no damage.
You barely miss the scorpion.
The scorpion is heavily wounded.
The scorpion stings you but does no damage.
You hit the scorpion but do no damage.
The scorpion is heavily wounded.
You feel sick. The scorpion stings you.
You are more poisoned.
The scorpion poisons you!
You hit the scorpion but do no damage.
The scorpion is heavily wounded.
You feel very sick.
The scorpion stings you but does no damage.
You slash the scorpion!
The scorpion is almost dead.
You feel very sick. The scorpion stings you.
5403 ||| READING 2 scrolls of teleportation.
As you read the scroll of teleportation, it crumbles to dust.
You feel strangely unstable.
You feel sick.
The scorpion stings you but does no damage.
You hit the scorpion.
The scorpion is almost dead.
You feel sick. The scorpion barely misses you.
You hit the scorpion.
You kill the scorpion!
Okawaru accepts your kill.
You feel sick.
Your Invocations skill increases to level 2!
There is a lethal amount of poison in your body!
Your surroundings suddenly seem different.
You feel sick.
There is a lethal amount of poison in your body!
You feel sick.
There is a lethal amount of poison in your body!
You die...

.#.#.#....######.##.######.....#
..###........%.)........##.######
...#...#....####................#
#.....#.....# ####7###.#######.#
##.>.#####.S######7~~##.........#
#.....#.........#~~~~7########..#
...#...#...####.#~~~~7 #..#
..###....#.# #...7P~~77 #..#
.#.#.#..##.###..@~~~%~7# #..#
...#...###.##~...~~~~~~# ###..#
#..#..## #.#7~...~~~~~~#####.....
.....## #.7~~~...~~~~~7........#
#...## #.7~~~...~~~~~~7###.#.##
##### #77~~....~P~~~~7 #.#.#
77~~...7~~~~P7 #...#
7~~~...~~~~~~7# #..##
7~~~...~P~P~~~# #..#


There were no monsters in sight!

Vanquished Creatures
  An ogre (D:5)
  Blork the orc (D:4)
  2 scorpions (D:5)
  2 orc priests
  A gnoll bouda (D:5)
  3 iguanas
  An orc wizard (D:5)
  7 gnolls (D:5)
  5 adders
  4 worms
  3 dart slugs
  4 orcs
  11 bats
  7 endoplasms
  3 giant cockroaches
  4 goblins
  3 hobgoblins
  4 jackals (D:3)
  5 quokkas
  12 ball pythons
  3 frilled lizards
  6 kobolds
  7 rats
99 creatures vanquished.

Vanquished Creatures (others)
  A frilled lizard zombie (D:1)
  5 fungi (D:4)
  10 plants (D:5)
16 creatures vanquished.

Grand Total: 115 creatures vanquished

Notes
Turn   | Place    | Note
-------+----------+-------------------------------------------
     0 | D:1      | qw the Barachi Chaos Knight began the quest for the Orb.
     0 | D:1      | Reached XP level 1. HP: 18/18 MP: 1/1
     0 | D:1      | 0 ||| qw: Version: 0.1-a-103-gd6f5d3a
     0 | D:1      | 0 ||| qw: Game counter: 5737
     0 | D:1      | 0 ||| qw: Always use a shield: true
     0 | D:1      | 0 ||| qw: God list: Okawaru
     0 | D:1      | 0 ||| qw: Allow faded altars: false
     0 | D:1      | 0 ||| qw: Do Orc after D:15 true
     0 | D:1      | 0 ||| qw: Do second Lair branch before Depths: true
     0 | D:1      | 0 ||| qw: Lair rune preference: random
     0 | D:1      | 0 ||| qw: Plans: Normal
     0 | D:1      | 0 ||| PLANNING D:1-11
     0 | D:1      | Fell from the grace of Xom
   139 | D:1      | Reached XP level 2. HP: 21/24 MP: 2/2
   193 | D:1      | Reached skill level 4 in Axes
   236 | D:1      | 236 ||| READING scroll labelled MEFUENK EKOZ.
   387 | D:1      | 387 ||| Stepping ~*~*~tactically~*~*~ (stealth).
   388 | D:1      | 388 ||| Stepping ~*~*~tactically~*~*~ (stealth).
   389 | D:1      | 389 ||| Stepping ~*~*~tactically~*~*~ (stealth).
   423 | D:1      | Found Hiechient's Weapon Boutique.
   447 | D:1      | 447 ||| Stepping ~*~*~tactically~*~*~ (hiding).
   480 | D:1      | Reached XP level 3. HP: 29/29 MP: 3/3
   674 | D:1      | 674 ||| DROPPING orb of guile.
   675 | D:1      | 675 ||| READING scroll labelled BOTSOAGOOSM.
   676 | D:1      | 676 ||| READING scroll labelled TIAVIO HASMA.
   777 | D:1      | 777 ||| READING scroll labelled KALIUM EDWIDDE.
   778 | D:1      | 778 ||| READING scroll labelled JEHOLL MOIBUNO.
   917 | D:1      | 917 ||| DRINKING 2 murky amethyst potions.
   918 | D:1      | 918 ||| DROPPING potion of brilliance.
   950 | D:2      | Found Bofo Qunk's General Store.
   953 | D:2      | 953 ||| SHOPLISTING scroll of acquirement (520 gold, have
                  | 37).
   953 | D:2      | 953 ||| SHOPLISTING scroll of enchant armour (75 gold, have
                  | 37).
   953 | D:2      | 953 ||| BUYING scroll of identify (20 gold).
   953 | D:2      | Bought a scroll of identify for 20 gold pieces
   981 | D:2      | 981 ||| Stepping ~*~*~tactically~*~*~ (hiding).
  1098 | D:2      | 1098 ||| DROPPING +0 club.
  1296 | D:2      | 1296 ||| Stepping ~*~*~tactically~*~*~ (stealth).
  1297 | D:2      | 1297 ||| Stepping ~*~*~tactically~*~*~ (stealth).
  1309 | D:2      | Reached skill level 5 in Axes
  1467 | D:2      | 1467 ||| Stepping ~*~*~tactically~*~*~ (stealth).
  1711 | D:2      | 1711 ||| Stepping ~*~*~tactically~*~*~ (stealth).
  1765 | D:2      | Found a faded altar of an unknown god.
  1781 | D:2      | Found a bloodstained altar of Trog.
  1895 | D:2      | Reached XP level 4. HP: 36/36 MP: 4/4
  2097 | D:2      | 2097 ||| UPGRADING to +0 pair of boots.
  2102 | D:2      | 2102 ||| UPGRADING to +0 ring mail.
  2112 | D:2      | 2112 ||| DROPPING +2 leather armour.
  2113 | D:2      | 2113 ||| DRINKING 2 inky potions.
  2113 | D:2      | Gained mutation: You are somewhat resistant to further
                  | mutation. [potion of mutation]
  2113 | D:2      | Gained mutation: You possess an exceptional clarity of
                  | mind. [potion of mutation]
  2114 | D:2      | 2114 ||| READING 3 scrolls of identify.
  2114 | D:2      | 2114 ||| IDENTIFYING fizzy inky potion
  2115 | D:2      | 2115 ||| READING 2 scrolls of identify.
  2115 | D:2      | 2115 ||| IDENTIFYING green potion
  2116 | D:2      | 2116 ||| DROPPING potion of magic.
  2142 | D:3      | 2142 ||| Stepping ~*~*~tactically~*~*~ (stealth).
  2179 | D:3      | XOM: give mutations
  2179 | D:3      | Gained mutation: You are dopey. (Int -2) [Xom's mischief]
  2179 | D:3      | Lost mutation: You possess an exceptional clarity of mind.
                  | [Xom's mischief]
  2179 | D:3      | Gained mutation: Your spells are a little easier to cast,
                  | but a little less powerful. [Xom's mischief]
  2316 | D:3      | 2316 ||| Stepping ~*~*~tactically~*~*~ (stealth).
  2317 | D:3      | 2317 ||| Stepping ~*~*~tactically~*~*~ (stealth).
  2718 | D:3      | Found a runed translucent door.
  2718 | D:3      | Noticed a bullfrog
  2723 | D:3      | Noticed qw's ghost (weakling OgEn)
  2769 | D:3      | XOM: stat loss: -3 Dex (8/11)
  2901 | D:3      | 2901 ||| Stepping ~*~*~tactically~*~*~ (stealth).
  2949 | D:3      | Reached skill level 6 in Axes
  2949 | D:3      | Reached XP level 5. HP: 26/41 MP: 5/5
  3009 | D:3      | XOM: give mutations
  3009 | D:3      | Gained mutation: You occasionally lose the ability to drink
                  | potions when taking damage. [Xom's mischief]
  3009 | D:3      | Gained mutation: Your body sometimes deteriorates upon
                  | taking damage. [Xom's mischief]
  3029 | D:3      | XOM: give mutations
  3029 | D:3      | Gained mutation: You are very dopey. (Int -4) [Xom's
                  | mischief]
  3029 | D:3      | Lost mutation: You are somewhat resistant to further
                  | mutation. [Xom's mischief]
  3029 | D:3      | Gained mutation: You occasionally lose the ability to read
                  | scrolls when taking damage. [Xom's mischief]
  3056 | D:3      | XOM: stat loss: -3 Dex (6/11)
  3057 | D:3      | 3057 ||| DRINKING potion of mutation.
  3057 | D:3      | Lost mutation: You occasionally lose the ability to read
                  | scrolls when taking damage. [potion of mutation]
  3057 | D:3      | Lost mutation: You occasionally lose the ability to drink
                  | potions when taking damage. [potion of mutation]
  3057 | D:3      | Gained mutation: You have hidden genetic potential. [potion
                  | of mutation]
  3312 | D:3      | 3312 ||| UPGRADING to +0 chain mail.
  3322 | D:3      | 3322 ||| DROPPING +0 ring mail.
  3323 | D:3      | 3323 ||| DROPPING ring of flight.
  3324 | D:3      | 3324 ||| READING scroll labelled DOFACE OBLIHA.
  3325 | D:3      | 3325 ||| READING 3 scrolls of identify.
  3325 | D:3      | 3325 ||| IDENTIFYING sedimented purple potion
  3326 | D:3      | 3326 ||| READING 2 scrolls of identify.
  3326 | D:3      | 3326 ||| IDENTIFYING sapphire potion
  3327 | D:3      | 3327 ||| DROPPING potion of attraction.
  3351 | D:4      | Found an iron altar of Okawaru.
  3360 | D:4      | Became a worshipper of Warmaster Okawaru
  3380 | D:4      | Noticed Blork the orc
  3390 | D:4      | HP: 8/41 [Blork the orc/+0 dire flail (13)]
  3391 | D:4      | 3391 ||| READING 3 scrolls of teleportation.
  3391 | D:4      | HP: 2/41 [Blork the orc/puff of flame (6)]
  3392 | D:4      | 3392 ||| DRINKING 3 potions of heal wounds.
  3393 | D:4      | 3393 ||| DRINKING 2 potions of heal wounds.
  3394 | D:4      | Killed Blork the orc
  3605 | D:4      | 3605 ||| Stepping ~*~*~tactically~*~*~ (stealth).
  3607 | D:4      | 3607 ||| Stepping ~*~*~tactically~*~*~ (stealth).
  3608 | D:4      | 3608 ||| Stepping ~*~*~tactically~*~*~ (stealth).
  3727 | D:4      | XOM: give mutation
  3727 | D:4      | Lost mutation: You have hidden genetic potential. [Xom's
                  | mischief]
  3846 | D:4      | 3846 ||| Stepping ~*~*~tactically~*~*~ (stealth).
  3847 | D:4      | 3847 ||| Stepping ~*~*~tactically~*~*~ (stealth).
  3857 | D:4      | Reached XP level 6. HP: 15/49 MP: 6/6
  4035 | D:4      | XOM: 3-stop teleportation journey
  4096 | D:4      | 4096 ||| SWAPPING to +0 war axe.
  4097 | D:4      | 4097 ||| DROPPING +0 hand axe of chaos.
  4101 | D:4      | Identified the +1 dagger of Exquisite Death {venom, rElec
                  | Int+2}
  4117 | D:4      | 4117 ||| DROPPING +0 mace.
  4175 | D:4      | 4175 ||| Stepping ~*~*~tactically~*~*~ (stealth).
  4360 | D:4      | 4360 ||| Stepping ~*~*~tactically~*~*~ (stealth).
  4361 | D:4      | 4361 ||| Stepping ~*~*~tactically~*~*~ (stealth).
  4610 | D:4      | Reached skill level 7 in Axes
  4626 | D:4      | 4626 ||| UPGRADING to ring of positive energy.
  4627 | D:4      | 4627 ||| READING scroll labelled HUJ AFIACEU.
  4627 | D:4      | Identified a scroll of acquirement
  4627 | D:4      | 4627 ||| ACQUIRING +0 crystal plate armour "Joojeunt"
                  | {Contam rF+ Int+5}
  4627 | D:4      | Acquired the +0 crystal plate armour "Joojeunt" {Contam rF+
                  | Int+5}
  4629 | D:4      | 4629 ||| UPGRADING to +0 crystal plate armour "Joojeunt"
                  | {Contam rF+ Int+5}.
  4639 | D:4      | 4639 ||| DROPPING +0 chain mail.
  4640 | D:4      | 4640 ||| READING scroll labelled SOUFETWEMN.
  4641 | D:4      | 4641 ||| READING scroll labelled BUENKO XYEN.
  4659 | D:5      | Entered Level 5 of the Dungeon
  4689 | D:5      | XOM: give mutation
  4689 | D:5      | Gained mutation: You are clumsy. (Dex -2) [Xom's mischief]
  4706 | D:5      | XOM: noise
  4716 | D:5      | Reached skill level 3 in Armour
  4749 | D:5      | Found a staircase to the Ecumenical Temple.
  4762 | D:5      | 4762 ||| Stepping ~*~*~tactically~*~*~ (stealth).
  4765 | D:5      | 4765 ||| Stepping ~*~*~tactically~*~*~ (stealth).
  4775 | D:5      | XOM: chaos upgrade
  4817 | D:5      | 4817 ||| Stepping ~*~*~tactically~*~*~ (stealth).
  4818 | D:5      | 4818 ||| FLEEEEING.
  4837 | D:5      | XOM: summons 6 hostile demons
  4841 | D:5      | HP: 12/49 [quasit[Xom] (2)]
  4842 | D:5      | 4842 ||| READING 3 scrolls of teleportation.
  4844 | D:5      | 4844 ||| DRINKING potion of heal wounds.
  4868 | D:5      | 4868 ||| Stepping ~*~*~tactically~*~*~ (stealth).
  4895 | D:5      | 4895 ||| FLEEEEING.
  4896 | D:5      | 4896 ||| FLEEEEING.
  4897 | D:5      | 4897 ||| FLEEEEING.
  4898 | D:5      | 4898 ||| FLEEEEING.
  4971 | D:5      | XOM: give mutation
  4971 | D:5      | Gained mutation: You have supernaturally acute eyesight.
                  | (SInv) [Xom's grace]
  5002 | D:5      | Reached * piety under Okawaru
  5037 | D:5      | 5037 ||| INVOKING Heroism.
  5040 | D:5      | Reached XP level 7. HP: 36/55 MP: 4/7
  5061 | D:5      | 5061 ||| Stepping ~*~*~tactically~*~*~ (stealth).
  5161 | D:5      | 5161 ||| Stepping ~*~*~tactically~*~*~ (stealth).
  5237 | D:5      | 5237 ||| INVOKING Heroism.
  5245 | D:5      | Reached skill level 1 in Invocations
  5328 | D:5      | 5328 ||| Stepping ~*~*~tactically~*~*~ (hiding).
  5384 | D:5      | 5384 ||| INVOKING Heroism.
  5397 | D:5      | 5397 ||| INVOKING Heroism.
  5402 | D:5      | HP: 12/55 [poisoned by a scorpion]
  5403 | D:5      | 5403 ||| READING 2 scrolls of teleportation.
  5404 | D:5      | HP: 5/55 [poisoned by a scorpion]
  5406 | D:5      | HP: 2/55 [poisoned by a scorpion]
  5408 | D:5      | Succumbed to a scorpion's poison

Levels and vault maps discovered:
D:1:      co_arrival_hall_of_pillars, layout_rooms, serial_shops,
          nicolae_shop_bloodbath_and_beyond, serial_glass, glass_columns_b,
          glass_columns_b, moated_statue
D:2:      layout_basic, hellmonk_ecumenical_altar_zigzags, basic_altar,
          serial_shops, shop, minmay_tetromino_i4
D:3:      layout_basic, ebering_ghost_sewer_d, hangedman_decor_growths,
          st_stairs_8, kennysheep_generic_room_5
D:4:      nicolae_cairo_tiling_large_dashed, layout_basic,
          mainiacjoe_overflow_alcove_4, uniq_blork_the_orc
D:5:      layout_loops_ring, minmay_temple_entry_arrows,
          gammafunk_ghost_nasty_kobolds, grunt_decor_cap, minmay_crystal_room,
          serial_bayou_ford_a, nrook_mini_vaults

Skill      XL: |  1  2  3  4  5  6  7 |
---------------+----------------------+-----
Axes           | 4 5 6 7 |  7.0
Fighting       | 4 |  4.6
Armour         | 4 5 |  5.6
Invocations    | 2 |  2.2
Dodging        | |  1.1

Action                   |  1- 3 |  4- 6 |  7- 9 || total
-------------------------+-------+-------+-------++-------
Melee: Hand axe          |    86 |    83 |       ||   169
       Punch             |     1 |       |       ||     1
       War axe           |       |    53 |    47 ||   100
Throw: Boomerang         |    56 |    60 |    15 ||   131
Invok: Renounce Religion |     1 |       |       ||     1
       Heroism           |       |     1 |     3 ||     4
  Use: Scroll            |     5 |    10 |     1 ||    16
       Potion            |     1 |     5 |       ||     6
 Stab: Paralysed         |       |     1 |       ||     1
Armor: Leather armour    |    25 |     2 |       ||    27
       Ring mail         |       |    19 |       ||    19
       Chain mail        |       |    22 |       ||    22
       Crystal plate arm |       |    75 |    32 ||   107
Dodge: Dodged            |    38 |    47 |     3 ||    88

Table legend:
 A = Non-vault XP
 B = Vault XP
 C = Vault XP percentage of total XP
 D = Non-vault monster count
 E = Vault monster count
 F = Vault count percentage of total count
                 A         B        C        D         E       F
            +---------+---------+-------+---------+---------+-------
      Total |     812 |     130 |  13.8 |      91 |       8 |   8.1
            +---------+---------+-------+---------+---------+-------
        D:1 |      39 |       0 |   0.0 |      23 |       0 |   0.0
        D:2 |      41 |       7 |  14.6 |      19 |       3 |  13.6
        D:3 |      38 |      41 |  51.9 |      15 |       4 |  21.1
        D:4 |     146 |      82 |  36.0 |      16 |       1 |   5.9
        D:5 |     548 |       0 |   0.0 |      18 |       0 |   0.0
            +---------+---------+-------+---------+---------+-------
